 Dungeon Crawl Stone Soup version 0.27-a0-1378-gdefffd1ff6 (webtiles) character file.

Game seed: 2795611273843815610

715 Arzdou the Chopper (level 7, -1/61 HPs)
             Began as a Hill Orc Fighter on June 28, 2021.
             Slain by Duvessa (8 damage)
             ... on level 5 of the Dungeon on June 29, 2021.
             The game lasted 00:13:38 (3914 turns).

Arzdou the Chopper (Hill Orc Fighter)               Turns: 3914, Time: 00:13:38

Health: -1/61      AC: 13    Str: 21    XL:     7   Next: 69%
Magic:  7/7        EV:  7    Int: 14    God:
Gold:   165        SH:  9    Dex: 10    Spells: 6/6 levels left

rFire    . . .     SeeInvis .   a - +0 war axe
rCold    . . .     Faith    .   c - +0 kite shield
rNeg     . . .     Spirit   .   h - +0 scale mail
rPois    .         Reflect  .   (no helmet)
rElec    .         Harm     .   p - +1 cloak
rCorr    .         Rampage  .   (no gloves)
Will     .....                  (no boots)
Stlth    ..........             (no amulet)
HPRegen  0.20/turn              o - +4 ring of protection
MPRegen  0.10/turn              n - +6 ring of intelligence

@: no status effects
A: no striking features
a: no special abilities


You were on level 5 of the Dungeon.
You visited 1 branch of the dungeon, and saw 5 of its levels.

You collected 165 gold pieces.

Inventory:

Hand Weapons
 a - a +0 war axe (weapon)
 b - a +0 hunting sling
Missiles
 f - 49 stones (quivered)
 q - 8 atropa-tipped darts
Armour
 c - a +0 kite shield (worn)
 h - a +0 scale mail (worn)
 p - a +1 cloak (worn)
Magical Staves
 u - a staff of fire
Jewellery
 n - a +6 ring of intelligence (right hand)
 o - a +4 ring of protection (left hand)
Wands
 w - a wand of mindburst (15)
Scrolls
 e - 3 scrolls of enchant armour
 g - a scroll of summoning {unknown}
 k - 4 scrolls of teleportation {unknown}
 r - a scroll of vulnerability {unknown}
 s - a scroll of amnesia {unknown}
 y - a scroll of identify
Potions
 d - a potion of might
 j - a potion of brilliance {unknown}
 l - a potion of heal wounds
 m - 2 potions of attraction
 t - a potion of curing {unknown}
 v - 2 potions of degeneration
 x - a potion of experience {unknown}
 z - a potion of invisibility


   Skills:
 + Level 5.2 Fighting
 + Level 6.0 Axes
 * Level 3.6 Slings
 + Level 4.6 Armour
 - Level 0.3 Dodging
 + Level 4.9 Shields


You had 6 spell levels left.
You didn't know any spells.
Your spell library was empty.

Dungeon Overview and Level Annotations

Branches:
Dungeon (5/15)             Temple (0/1) D:5

Altars:

Annotations:
D:5 Duvessa


Message History

You slash something! Dowan gestures at you while chanting.
The puff of frost misses you. Something hits you. Dowan completely misses you.
You closely miss Dowan.
Dowan is heavily wounded.
You hit something but do no damage. Something hits you but does no damage.
Dowan says, "Stay away from my face!"
Dowan hits you with a +0 dagger.
You slash Dowan!
You kill Dowan!
Something screams in rage.
You hit something but do no damage. Something hits you!
You block something's attack.
Your Axes skill increases to level 6!
You barely miss something.
You hear the brisk rusting of a drain nearby.
Something hits you but does no damage. x2; Something hits you.
You barely miss something.
Something hits you but does no damage. x2
You hit something. Something hits you. Something hits you but does no damage.
Your shield prevents you from hitting something.
Something hits you but does no damage. You block something's attack.
Something hits you!
* * * LOW HITPOINT WARNING * * *
Okay, then.
As you read the scroll labelled KYACIB XECOJUO, it crumbles to dust.
You feel aware of your surroundings.
You sensed 1 shop/portal.
It was a scroll of magic mapping.
Something hits you!
* * * LOW HITPOINT WARNING * * *
You feel much better. Something hits you!
Something hits you but does no damage.
Your shield prevents you from hitting something.
Something hits you. Something hits you!
* * * LOW HITPOINT WARNING * * *
You closely miss something. Something hits you.
* * * LOW HITPOINT WARNING * * *
Something hits you but does no damage.
You hit something. Something hits you.
* * * LOW HITPOINT WARNING * * *
Something hits you!
You die...

,,,,,,,,*##.#
*,,,,,,**#..# ********
#..# ### ##..###.####
##..........###
###..##.........####
###..###.............#
###...####.......>)...##
##...### #......@{.....#
...### #....<....#...#
.### #........##...# ##
##......###...#* *
###...## ##!..#** #
####* *#.....#* #
******* **.(..(..# #*
**,,,,,*** *,.......#
.****,,,,,,,,***
*..(....##


There were no monsters in sight!

Vanquished Creatures
  Eustachio (D:5)
  A necrophage (D:5)
  An ogre (D:4)
  Dowan (D:5)
  A howler monkey (D:4)
  A hound (D:5)
  A jelly (D:4)
  Jessica (D:2)
  An orc wizard (D:4)
  Natasha (twice) (D:4)
  A hound skeleton (D:5)
  5 adders
  3 gnolls (D:5)
  A white imp (D:4)
  2 dart slugs
  4 orcs
  5 bats
  4 endoplasms
  2 giant cockroaches
  10 goblins
  6 hobgoblins
  7 jackals
  3 quokkas
  4 ball pythons
  2 frilled lizards (D:2)
  10 kobolds
  4 rats
84 creatures vanquished.

Vanquished Creatures (others)
  14 plants (D:1)
14 creatures vanquished.

Grand Total: 98 creatures vanquished

Notes
Turn   | Place    | Note
-------+----------+-------------------------------------------
     0 | D:1      | Arzdou the Hill Orc Fighter began the quest for the Orb.
     0 | D:1      | Reached XP level 1. HP: 19/19 MP: 1/1
    40 | D:1      | Reached XP level 2. HP: 27/27 MP: 2/2
    79 | D:1      | You fall into a shaft and drop 1 floor!
   103 | D:2      | Upgraded the game from 0.27-a0-1359-ga2a4dfd6fd to
                  | 0.27-a0-1378-gdefffd1ff6
   136 | D:2      | Reached XP level 3. HP: 20/33 MP: 3/3
   389 | D:2      | Noticed Jessica
   400 | D:2      | Killed Jessica
   401 | D:2      | Reached skill level 3 in Axes
   401 | D:2      | Reached XP level 4. HP: 34/40 MP: 4/4
  1206 | D:1      | Reached skill level 1 in Slings
  1701 | D:3      | Found a faded altar of an unknown god.
  2110 | D:4      | Reached XP level 5. HP: 47/47 MP: 5/5
  2167 | D:4      | Noticed Natasha
  2176 | D:4      | Killed Natasha
  2200 | D:4      | Reached skill level 4 in Axes
  2689 | D:4      | Reached XP level 6. HP: 49/53 MP: 6/6
  3063 | D:4      | Noticed Natasha
  3071 | D:4      | Killed Natasha
  3469 | D:5      | Entered Level 5 of the Dungeon
  3587 | D:5      | Noticed a necrophage
  3596 | D:5      | Killed a necrophage
  3597 | D:5      | Reached skill level 5 in Axes
  3597 | D:5      | Reached XP level 7. HP: 60/60 MP: 7/7
  3598 | D:5      | Noticed Eustachio
  3626 | D:5      | Killed Eustachio
  3627 | D:5      | Reached skill level 5 in Fighting
  3887 | D:5      | Noticed Duvessa
  3887 | D:5      | Noticed Dowan
  3903 | D:5      | Killed Dowan
  3904 | D:5      | Reached skill level 6 in Axes
  3914 | D:5      | Slain by Duvessa

Illustrated notes

Levels and vault maps discovered:
D:1:      roderic_crop_circles_arrival_small, layout_basic
D:2:      layout_basic, uniq_jessica
D:3:      layout_rooms, hellmonk_ecumenical_altar_zigzags
D:4:      layout_loops_ring, serial_rivers, chequers_serial_rivers_room_b,
          chequers_serial_rivers_micro_e, chequers_serial_rivers_marsh,
          chequers_serial_rivers_large_b, chequers_serial_rivers_small_3,
          chequers_serial_rivers_room_a, minivault_25, corexii_checkpoint_a,
          uniq_natasha
D:5:      layout_cave_pods, minmay_temple_entry_stoned_glass,
          gammafunk_ghost_icy, portal_sewer_entry_a, uniq_prince_ribbit1,
          uniq_eustachio, uniq_duvessa

Skill      XL: |  1  2  3  4  5  6  7 |
---------------+----------------------+-----
Fighting       | 4 5 |  5.2
Axes           | 3 4 5 6 |  6.0
Shields        | 4 |  4.9
Slings         | 1 2 3 |  3.6
Armour         | 4 |  4.6
Dodging        | |  0.3

Action                   |  1- 3 |  4- 6 |  7- 9 || total
-------------------------+-------+-------+-------++-------
Melee: War axe           |    45 |   171 |    33 ||   249
 Fire: Hunting sling     |       |    59 |    11 ||    70
Evoke: Wand              |       |     1 |       ||     1
  Use: Scroll            |       |     4 |     1 ||     5
       Potion            |       |       |     2 ||     2
Armor: Scale mail        |    20 |    70 |    42 ||   132
Dodge: Dodged            |    14 |    58 |    16 ||    88
Block: Kite shield       |    27 |    97 |    25 ||   149

Table legend: (Time is in decaauts)
 A = Elapsed time spent in this place.
 B = Non-inter-level travel time spent in this place.
 C = Inter-level travel time spent in this place.
 D = Time resting spent in this place.
 E = Time spent auto-exploring this place.
 F = Levels seen in this place.
 G = Mean time per level.
                   A        B        C        D        E       F      G
               +--------+--------+--------+--------+--------+-----+--------+
         Total |   4090 |   3891 |    199 |      0 |   3085 |   5 |  818.0 |
       Dungeon |   4090 |   3891 |    199 |      0 |   3085 |   5 |  818.0 |
               +--------+--------+--------+--------+--------+-----+--------+

Top non-repeatable levels by time:
     D:4: 1450 daAuts
     D:1: 1000 daAuts
     D:2: 695 daAuts
     D:3: 477 daAuts
     D:5: 467 daAuts
